 Dungeon Crawl Stone Soup version 0.27-a0-1147-gb3d8e82157 (webtiles) character file.

Game seed: 14742516035668357416

30 freelancePsychic the Fighter (level 3, -2/38 HPs)
             Began as a Gnoll Wanderer on May 11, 2021.
             Was a Follower of Qazlal.
             Slain by a phantom (5 damage)
             ... on level 4 of the Dungeon.
             The game lasted 00:02:54 (1794 turns).

freelancePsychic the Fighter (Gnoll Wanderer)       Turns: 1794, Time: 00:02:55

Health: -2/38      AC:  3    Str: 11    XL:     3   Next: 18%
Magic:  3/3        EV: 15    Int: 10    God:    Qazlal [*.....]
Gold:   35         SH:  2    Dex: 13    Spells: 3/3 levels left

rFire    . . .     SeeInvis .   a - +2 falchion
rCold    . . .     Faith    .   (no shield)
rNeg     . . .     Spirit   .   g - +0 leather armour
rPois    .         Reflect  .   (no helmet)
rElec    .         Harm     .   (no cloak)
rCorr    .         Rampage  .   (no gloves)
Will     .....                  (no boots)
Stlth    +.........             (no amulet)
HPRegen  0.12/turn              j - +4 ring of evasion
MPRegen  0.08/turn              (no ring)

@: no status effects
A: fangs 1, strong nose, distributed training
a: Renounce Religion


You were on level 4 of the Dungeon.
You worshipped Qazlal.
Qazlal was aware of your devotion.
You visited 1 branch of the dungeon, and saw 3 of its levels.

You collected 35 gold pieces.

Inventory:

Hand Weapons
 a - a +2 falchion (weapon)
 b - a +0 dagger of venom
 f - a +0 hand crossbow
Missiles
 c - 21 bolts
 l - 8 javelins (quivered)
Armour
 e - a +0 robe
 g - a +0 leather armour (worn)
Jewellery
 j - a +4 ring of evasion (left hand)
 k - a ring of poison resistance
 m - an amulet of guardian spirit
Scrolls
 i - a scroll of enchant weapon


   Skills:
 + Level 8.5 Fighting
 + Level 0.6 Short Blades
 + Level 2.5 Long Blades
 + Level 0.6 Axes
 + Level 0.6 Maces & Flails
 + Level 0.6 Polearms
 + Level 0.6 Staves
 + Level 0.6 Slings
 + Level 0.6 Bows
 + Level 0.6 Crossbows
 + Level 0.6 Throwing
 + Level 6.5 Armour
 + Level 0.6 Dodging
 + Level 0.6 Stealth
 + Level 2.5 Shields
 + Level 0.6 Unarmed Combat
 + Level 0.6 Spellcasting
 + Level 0.4 Conjurations
 + Level 0.4 Hexes
 + Level 0.4 Summonings
 + Level 0.4 Necromancy
 + Level 0.4 Translocations
 + Level 0.4 Transmutations
 + Level 0.4 Fire Magic
 + Level 0.4 Ice Magic
 + Level 0.4 Air Magic
 + Level 0.4 Earth Magic
 + Level 0.4 Poison Magic
 + Level 0.8 Invocations
 + Level 2.5 Evocations


You had 3 spell levels left.
You didn't know any spells.
Your spell library was empty.

Dungeon Overview and Level Annotations

Branches:
Dungeon (2/15)

Altars:
Qazlal


Innate Abilities, Weirdness & Mutations

You have very sharp teeth.
Your uncanny sense of smell can sniff out nearby items.
Your experience applies equally to all skills.


Message History

You hit the phantom.
The phantom is lightly damaged.
The phantom barely misses you.
You hit the phantom.
The phantom is lightly damaged.
The phantom hits you!
The phantom blinks!
You blink.
The phantom hits you.
You hit the phantom. You bite the phantom, but do no damage.
The phantom is moderately damaged.
The phantom hits you!
* * * LOW HITPOINT WARNING * * *
You feel better. The phantom closely misses you.
As you read the scroll labelled VEIDIS EGIAT, it crumbles to dust.
It is a scroll of identify.
i - a scroll of enchant weapon The phantom hits you.
* * * LOW HITPOINT WARNING * * *
The phantom blinks!
You blink.
You hit the phantom.
The phantom is moderately damaged.
The phantom hits you but does no damage.
You closely miss the phantom. You bite the phantom, but do no damage.
The phantom is moderately damaged.
The phantom hits you!
* * * LOW HITPOINT WARNING * * *
You closely miss the phantom.
The phantom is moderately damaged.
The phantom hits you.
* * * LOW HITPOINT WARNING * * *
You hit the phantom.
The phantom is heavily damaged.
The phantom closely misses you.
You hit the phantom. Your bite misses the phantom.
The phantom is severely damaged.
The phantom hits you.
* * * LOW HITPOINT WARNING * * *
The phantom barely misses you.
You hit the phantom.
The phantom is severely damaged.
The phantom hits you.
You die...

#.§###.####.###.## ##.#
#.####.##...# #.#
#.#.........#
∆..#.###.###.#.##.##...#
#.....))§...#.##†######
.................#
..##.##.####..#..#
#.?........W..#
#########.@#.##
##########..#.#
......†.....#.#
.#########.##W#
########.##.#
#........##.#
#.######....# #####.#
#.....#


You could see a phantom.

Vanquished Creatures
  A dart slug (D:1)
  An orc (D:4)
  4 ball pythons
  3 endoplasms (D:1)
  2 giant cockroaches
  3 goblins
  2 hobgoblins (D:1)
  A quokka (D:1)
  4 kobolds (D:1)
  3 rats (D:1)
24 creatures vanquished.

Notes
Turn   | Place    | Note
-------+----------+-------------------------------------------
     0 | D:1      | freelancePsychic the Gnoll Wanderer began the quest for the
                  | Orb.
     0 | D:1      | freelancePsychic set off with the following items: a +2
                  | falchion, a +0 hand crossbow, 21 bolts, a potion of curing
                  | {@q1}, a +0 robe
     0 | D:1      | Reached XP level 1. HP: 26/26 MP: 1/1
    24 | D:1      | Became a worshipper of Qazlal Stormbringer
    24 | D:1      | Reached * piety under Qazlal
   409 | D:1      | Reached XP level 2. HP: 13/33 MP: 2/2
  1226 | D:1      | Reached XP level 3. HP: 29/38 MP: 3/3
  1687 | D:2      | You fall into a shaft and drop 2 floors!
  1750 | D:4      | Noticed a phantom
  1794 | D:4      | Slain by a phantom

Illustrated notes

Levels and vault maps discovered:
D:1:      moated_graveyard_arrival, layout_loops_corners, basic_ecumenical_altar
D:2:      kennysheep_six_static_rooms, layout_loops_ring, uniq_terence,
          uniq_natasha
D:4:      layout_loops_ring, roderic_serpentine_path

Action                   || total
-------------------------++-------
Melee: Dagger            ||    66
       Falchion          ||    17
       Bite              ||    11
  Use: Scroll            ||     1
       Potion            ||     1
Armor: Robe              ||     1
       Leather armour    ||     9
Dodge: Dodged            ||    59
Block: Other             ||     2

Table legend: (Time is in decaauts)
 A = Elapsed time spent in this place.
 B = Non-inter-level travel time spent in this place.
 C = Inter-level travel time spent in this place.
 D = Time resting spent in this place.
 E = Time spent auto-exploring this place.
 F = Levels seen in this place.
 G = Mean time per level.
                   A        B        C        D        E       F      G
               +--------+--------+--------+--------+--------+-----+--------+
         Total |   1794 |   1727 |     67 |      0 |   1506 |   3 |  598.0 |
       Dungeon |   1794 |   1727 |     67 |      0 |   1506 |   3 |  598.0 |
               +--------+--------+--------+--------+--------+-----+--------+

Top non-repeatable levels by time:
     D:1: 1681 daAuts
     D:4: 106 daAuts
     D:2: 5 daAuts
